 Dungeon Crawl Stone Soup version 0.21.1-1-g345015fe64 (webtiles) character file.

345 Jannitor the Skirmisher (level 6, -4/52 HPs)
             Began as a Hill Orc Enchanter on June 11, 2018.
             Slain by a centaur (8 damage)
             ... on level 6 of the Dungeon.
             The game lasted 00:09:49 (5119 turns).

Jannitor the Skirmisher (Hill Orc Enchanter)        Turns: 5119, Time: 00:09:50

Health: -4/52      AC:  8    Str: 13    XL:     6   Next: 58%
Magic:  8/8        EV:  6    Int: 15    God:
Gold:   94         SH: 15    Dex: 11    Spells: 7/8 levels left

rFire    . . .     SeeInvis .   a - +0 mace
rCold    . . .     Gourm    .   k - +3 large shield {AC+3}
rNeg     . . .     Faith    .   j - +0 ring mail
rPois    .         Spirit   .   (no helmet)
rElec    .         Reflect  .   (no cloak)
rCorr    .         Harm     .   (no gloves)
MR       .....                  (no boots)
Stlth    +.........             (no amulet)
HPRegen  0.17/turn              (no ring)
MPRegen  0.11/turn              (no ring)

@: no status effects
A: no striking features
a: no special abilities


You were on level 6 of the Dungeon.
You were hungry.

You visited 1 branch of the dungeon, and saw 6 of its levels.

You collected 211 gold pieces.
You spent 117 gold pieces at shops.

Inventory:

Hand Weapons
 a - a +0 mace (weapon)
 b - the +1 hunting sling of Nyphen {flame, +Inv Str+5}
   (You bought it in a shop on level 4 of the Dungeon)

   It causes projectiles fired from it to burn those they strike, causing extra
   injury to most foes and up to half again as much damage against particularly
   susceptible opponents.
   It affects your strength (+5).
   It lets you turn invisible.
 l - a +1 dagger
Missiles
 p - 11 sling bullets
 q - 127 stones (quivered)
Armour
 e - a +0 robe
 j - a +0 ring mail (worn)
 k - a +3 large shield of protection (worn)
Scrolls
 f - 3 scrolls of remove curse
 g - a scroll of magic mapping
 h - 5 scrolls of identify
 i - a scroll of immolation {unknown}
 m - a scroll of random uselessness {unknown}
 n - 2 scrolls of fog {unknown}
Books
 c - a book of Maledictions

   Spells                             Type                      Level
   a - Corona                         Hexes                        1
   b - Ensorcelled Hibernation        Hexes/Ice                    2
   c - Confuse                        Hexes                        3
   d - Tukima's Dance                 Hexes                        3
   e - Dazzling Spray                 Conjuration/Hexes            3
Comestibles
 d - 2 rations


   Skills:
 + Level 3.6 Fighting
 - Level 1.0 Short Blades
 * Level 2.9 Maces & Flails
 + Level 3.4 Armour
 - Level 1.8 Dodging
 - Level 2.4 Stealth
 * Level 3.0 Shields
 - Level 1.5 Spellcasting
 - Level 3.0 Hexes


You had 7 spell levels left.
You knew the following spells:

 Your Spells              Type           Power        Failure   Level  Hunger
a - Corona                Hex            ##.....      94%         1    ##.....


Dungeon Overview and Level Annotations

Branches:
Dungeon (6/15)
 Temple: D:4-7

Altars:
Makhleb

Shops:
D:4 (

Annotations:
D:4 Grinder


Message History

You hit the centaur.
The centaur is almost dead.
The centaur hits you.
* * * LOW HITPOINT WARNING * * *
The centaur hits you!
* * * LOW HITPOINT WARNING * * *
You hit the centaur.
The centaur is almost dead.
The centaur hits you but does no damage.
The centaur barely misses you.
Unknown command.
Your shield and ring mail prevent you from hitting the centaur.
The centaur is almost dead.
The centaur closely misses you. The centaur hits you.
* * * LOW HITPOINT WARNING * * *
Unknown command.
You closely miss the centaur.
The centaur is almost dead.
You block the centaur's attack. The centaur hits you!
You die...

#######
......##
#...###########
#.?.....)..wc.#
#<..#########@#
#≈≈w#.## #.#
≈≈≈≈≈.# #.#
≈≈.≈≈.# #.#
≈≈≈≈≈.# #.#
.≈≈≈!.# #.#
....#.# #.#
...##.# #.# ...


You could see a centaur and a dart slug.

Vanquished Creatures
  An ice beast (D:4)
  A worker ant (D:4)
  5 adders
  3 gnolls (D:5)
  An ooze (D:3)
  A worm (D:2)
  2 dart slugs
  A leopard gecko (D:4)
  7 orcs
  A ball python (D:1)
  11 bats
  4 giant cockroaches
  8 goblins
  6 hobgoblins
  5 jackals
  2 quokkas (D:3)
  5 frilled lizards
  7 kobolds
  8 rats
79 creatures vanquished.

Vanquished Creatures (others)
  A sky beast (D:6)
1 creature vanquished.

Grand Total: 80 creatures vanquished

Notes
Turn   | Place    | Note
-------+----------+-------------------------------------------
     0 | D:1      | Jannitor the Hill Orc Enchanter began the quest for the Orb.
     0 | D:1      | Reached XP level 1. HP: 14/14 MP: 3/3
   288 | D:1      | Reached skill level 1 in Fighting
   288 | D:1      | Reached XP level 2. HP: 10/23 MP: 4/4
   551 | D:1      | Reached skill level 1 in Armour
  1319 | D:2      | Reached XP level 3. HP: 23/29 MP: 5/5
  2157 | D:2      | Reached XP level 4. HP: 21/37 MP: 6/6
  3059 | D:3      | Reached skill level 1 in Shields
  3153 | D:3      | Reached skill level 1 in Maces & Flails
  3180 | D:3      | Reached XP level 5. HP: 34/45 MP: 7/7
  3330 | D:3      | Noticed Grinder
  3514 | D:4      | Found Obugruq's Antique Weapon Emporium.
  3540 | D:4      | Found a burning altar of Makhleb.
  3540 | D:4      | Noticed a balrug
  3543 | D:4      | Noticed an ice beast
  3619 | D:4      | Killed an ice beast
  3840 | D:4      | Bought a slimy hunting sling for 117 gold pieces
  3840 | D:4      | Identified the +1 hunting sling of Nyphen {flame, +Inv Str+5} (You bought it in a shop on level 4 of the Dungeon)
  3874 | D:4      | Reached XP level 6. HP: 23/51 MP: 8/8
  4119 | D:3      | Paralysed by Grinder for 4 turns
  4769 | D:5      | Entered Level 5 of the Dungeon
  5031 | D:5      | Noticed a sky beast
  5105 | D:6      | Killed a sky beast
  5119 | D:6      | Slain by a centaur

Skill      XL: |  1  2  3  4  5  6 |
---------------+-------------------+-----
Fighting       | 1 2 3 |  3.6
Armour         | 1 2 3 |  3.4
Shields        | 1 2 3 |  3.0
Maces & Flails | 1 2 |  2.9
Short Blades   | |  1.0
Dodging        | |  1.8
Stealth        | |  2.4
Spellcasting   | |  1.5
Hexes          | |  3.0

Action                   |  1- 3 |  4- 6 || total
-------------------------+-------+-------++-------
Melee: Dagger            |   193 |    16 ||   209
       Mace              |       |   250 ||   250
 Fire: Hunting sling     |       |    26 ||    26
  Use: Potion            |     2 |     5 ||     7
       Scroll            |       |     8 ||     8
 Stab: Sleeping          |     1 |     2 ||     3
  Eat: Chunk             |     4 |     6 ||    10
       Ration            |       |     1 ||     1
Armor: Robe              |    12 |       ||    12
       Ring mail         |    37 |   146 ||   183
Dodge: Dodged            |   109 |    65 ||   174
Block: Large shield      |       |   230 ||   230
